 Dungeon Crawl Stone Soup version 0.28.0-43-g3370ac3207 (webtiles) character file.

Game seed: 2059283203468206811

124 Kintaro the Skirmisher (level 5, -2/55 HPs)
             Began as an Ogre Fighter on Mar 27, 2022.
             Was a Plaything of Xom.
             Slain by an orc
             ... wielding a +0 trident
              (6 damage)
             ... on level 3 of the Dungeon.
             The game lasted 00:10:59 (2321 turns).

Kintaro the Skirmisher (Ogre Fighter)               Turns: 2321, Time: 00:11:00

Health: -2/55      AC:  3    Str: 20    XL:     5   Next: 8%
Magic:  5/5        EV: 13    Int:  9    God:    Xom [.*....]
Gold:   69         SH:  7    Dex: 10    Spells: 4/4 levels left

rFire   + . .      SeeInvis .   a - +0 war axe
rCold   . . .      Faith    .   c - +0 kite shield
rNeg    . . .      Spirit   .   b - +0 robe
rPois   .          Reflect  .   (helmet restricted)
rElec   .          Harm     .   (no cloak)
rCorr   .          Rampage  .   (gloves unavailable)
Will    .....                   (boots unavailable)
Stlth   +.........              (no amulet)
HPRegen 0.18/turn               j - +4 ring of evasion
MPRegen 0.09/turn               o - ring of protection from fire

@: no status effects
A: large, unfitting armour, tough skin 1
a: Renounce Religion


You were on level 3 of the Dungeon.
You worshipped Xom.
You were a plaything of Xom.
You visited 1 branch of the dungeon, and saw 3 of its levels.

You collected 69 gold pieces.

Inventory:

Hand Weapons
 a - a +0 war axe (weapon)
 r - a +0 whip of holy wrath
Missiles
 i - 25 sling bullets
 k - 4 silver javelins (quivered)
Armour
 b - a +0 robe (worn)
 c - a +0 kite shield (worn)
Jewellery
 j - a +4 ring of evasion (left hand)
 o - a ring of protection from fire (right hand)
Scrolls
 e - a scroll of blinking {unknown}
 f - a scroll of noise {unknown}
 g - 2 scrolls of teleportation {unknown}
 h - a scroll of magic mapping {unknown}
 n - 2 scrolls of immolation {unknown}
 s - a scroll of torment {unknown}
Potions
 d - a potion of might
 l - 4 potions of flight {unknown}
 m - a potion of invisibility {unknown}
 p - a potion of curing {unknown}
 q - a potion of berserk rage {unknown}
 t - a potion of brilliance {unknown}
 u - a potion of lignification {unknown}


   Skills:
 * Level 4.7 Fighting
 * Level 3.1 Axes
 * Level 0.2(1.9) Polearms
 * Level 1.0 Throwing
 * Level 1.1 Armour
 * Level 3.1 Dodging
 * Level 0.6 Stealth
 * Level 3.0 Shields


You had 4 spell levels left.
You didn't know any spells.
Your spell library was empty.

Dungeon Overview and Level Annotations

Branches:
Dungeon (3/15)

Altars:
Xom

Annotations:
D:3 2 transporters, Ekaitz's ghost, amateur DsFE


Innate Abilities, Weirdness & Mutations

You are too large for most types of armour.
You have tough skin. (AC +1)


Message History

You closely miss the orc. You barely miss the orc wizard.
You hit the endoplasm. You barely miss the orc. The orc misses you.
You block the orc's attack. The endoplasm freezes you.
You are frozen.
You block the orc's attack. The orc wizard barely misses you.
The orc misses you.
You slash the orc!
You kill the orc!
You closely miss the orc. You hit the endoplasm.
You kill the endoplasm!
You hit the orc wizard.
The orc hits you from afar with a +0 trident.
The orc wizard gestures at you while chanting.
The magic dart hits you! The orc hits you with a +0 club.
* * * LOW HITPOINT WARNING * * *
The orc misses you. You block the orc's attack. The orc wizard misses you.
Your Axes skill increases to level 3!
You slash the orc wizard!
You kill the orc wizard!
You closely miss the orc. You slash the orc!
You kill the orc!
The orc closely misses you. The orc barely misses you.
The orc completely misses you.
Your Throwing skill increases to level 1!
Your Shields skill increases to level 3!
You have reached level 5!
You hit the orc but do no damage.
The orc hits you from afar with a +0 trident!
* * * LOW HITPOINT WARNING * * *
The orc hits you but does no damage. The orc closely misses you.
You closely miss the orc. x2; You block the orc's attack.
The orc barely misses you. The orc completely misses you. x2
The orc closely misses you.
The orc hits you from afar with a +0 trident.
* * * LOW HITPOINT WARNING * * *
You completely miss the orc. You hit the orc. The orc barely misses you.
The orc closely misses you.
The orc hits you from afar with a +0 trident.
You die... "I guess I need a new plaything now."

#.♣#....≈# #≈.....#
#.#.....≈# #≈....#♣
#.......≈## ##≈.....#
#.......≈≈####≈≈......
#........≈≈≈≈≈≈.......
#.....................
#....##..........##...
#...)o#..........#....
#.#.#@)o..............
#.#.##o....#......#...
#J.##...#♣#....###.>
.o....### ..#### ###
##..#.# #.########.
##.#. ..........o #..
#####....... #.#
#......P #...r...


You could see 3 orcs.

Vanquished Creatures
  An orc wizard (D:3)
  3 adders
  An adder skeleton (D:3)
  3 worms
  3 orcs (D:3)
  8 endoplasms
  A giant cockroach (D:2)
  2 hobgoblins (D:1)
  3 jackals (D:2)
  4 quokkas
  2 ball pythons
  A ball python skeleton (D:3)
  5 bats (D:3)
  A frilled lizard (D:1)
  A giant cockroach zombie (D:3)
  4 goblins
  5 kobolds
  4 rats
52 creatures vanquished.

Vanquished Creatures (others)
  A withered plant (D:3)
1 creature vanquished.

Grand Total: 53 creatures vanquished

Notes
Turn   | Place    | Note
-------+----------+-------------------------------------------
     0 | D:1      | Kintaro the Ogre Fighter began the quest for the Orb.
     0 | D:1      | Reached XP level 1. HP: 24/24 MP: 1/1
   219 | D:1      | Reached XP level 2. HP: 24/32 MP: 2/2
   271 | D:1      | Found a faded altar of an unknown god.
   279 | D:1      | Prayed at the altar of an unknown god.
   279 | D:1      | Became a worshipper of Xom the Random
   653 | D:1      | XOM: silly message
   781 | D:1      | XOM: divination: detect creatures
   946 | D:2      | Reached XP level 3. HP: 40/40 MP: 3/3
  1022 | D:2      | XOM: silly message
  1031 | D:2      | XOM: cloud trail
  1136 | D:2      | XOM: fog
  1291 | D:2      | XOM: 1-stop teleportation journey
  1326 | D:2      | XOM: summons 2 hostile demons
  1795 | D:3      | Reached XP level 4. HP: 24/49 MP: 4/4
  1796 | D:3      | Reached skill level 1 in Armour
  1823 | D:3      | XOM: 1-stop teleportation journey
  2100 | D:3      | Noticed Ekaitz's ghost (amateur DsFE)
  2115 | D:3      | Found a transporter.
  2237 | D:3      | XOM: 1-stop teleportation journey
  2272 | D:3      | Found a transporter.
  2307 | D:3      | XOM: 4-stop teleportation journey
  2312 | D:3      | XOM: 2-stop teleportation journey
  2319 | D:3      | Reached skill level 1 in Throwing
  2319 | D:3      | Reached XP level 5. HP: 15/55 MP: 5/5
  2321 | D:3      | Slain by an orc

Illustrated notes

Levels and vault maps discovered:
D:1:      lightli_arrival_boilingwater, layout_basic,
          hellmonk_ecumenical_altar_leap_of_faith, minmay_misc_feat_rows,
          minmay_unequal
D:2:      layout_loops_ring
D:3:      layout_rooms, serial_undead, serial_undead_c, serial_undead_b,
          serial_undead_b, serial_undead_f, gammafunk_ghost_arena,
          kennysheep_decorative_pillar, minmay_misc_feat_x, goddamned_bats

Skill      XL: |  1  2  3  4 |
---------------+-------------+-----
Dodging        | 3 |  3.1
Armour         | 1 |  1.1
Axes           | 3 |  3.1
Throwing       | 1 |  1.0
Shields        | 3 |  3.0
Fighting       | |  4.7
Polearms       | |  0.2
Stealth        | |  0.6

Action                   |  1- 3 |  4- 6 || total
-------------------------+-------+-------++-------
Melee: War axe           |    85 |    34 ||   119
       Whip              |       |     6 ||     6
  Use: Scroll            |     3 |       ||     3
       Potion            |       |     1 ||     1
 Stab: Sleeping          |     2 |     1 ||     3
Armor: Robe              |    18 |     9 ||    27
Dodge: Dodged            |    44 |    46 ||    90
Block: Kite shield       |    34 |    20 ||    54
